[Event "58th Akiba Rubinstein D 2022"]
[Site "Polanica-Zdroj"]
[Date "2022.08.13"]
[Round "1.1"]
[White "Sleczka, Krzysztof"]
[Black "Galuszka, Kamil"]
[Result "1-0"]
[ECO "C00"]
[WhiteElo "1443"]
[BlackElo "1976"]
[Annotator "TA"]
[PlyCount "47"]
[EventDate "2022.08.13"]
[EventCountry "POL"]
[SourceTitle "playchess.com"]
[Source "ChessBase"]
[SourceQuality "1"]
[TimeControl "40/5400+30:1800+30"]

1. e4 e6 2. d4 d5 3. Bd3 dxe4 4. Bxe4 Nf6 5. Bf3 c5 6. Ne2 Qb6 {[%emt 0:06:05] C01: French: Exchange Variation.} 7. O-O (7. Be3 {with more complications.} Be7 8. dxc5 Bxc5 9. Bxc5 Qxc5 10. Qd4) 7... Bd7 8. c4 cxd4 {[%emt 0:04:43] The position is equal.} 9. Nxd4 Nc6 10. Nxc6 Bxc6 {[%emt 0:00:05] [#]} 11. Bxc6+ $146 ({Predecessor:} 11. Nc3 Rd8 12. Bxc6+ Qxc6 13. Qa4 Bc5 14. Bg5 Qxa4 15. Nxa4 Bd4 16. Rac1 {1-0 (62) Pinter,E (2389)-Zurek,M (2388) Czech Republic 2008}) 11... Qxc6 12. Qe2 Rd8 13. Nc3 Rd4 14. b3 Bc5 15. h3 (15. Be3 $5 ) 15... O-O 16. Be3 {[%emt 0:02:23] Na4 is the strong threat.} Rd7 17. Rad1 Rfd8 18. Rxd7 Rxd7 19. Bxc5 Qxc5 20. Rd1 g5 (20... Rxd1+ $11 {remains equal.} 21. Qxd1 h5) 21. Rxd7 $16 Nxd7 {[%emt 0:00:44] [#]} 22. Qd2 $1 Nf6 {[%emt 0:00:19][%mdl 8192] [#]} (22... Nf8 $16 {is more resistant.}) 23. Qd8+ $1 $18 Kg7 {[%emt 0:00:24] [#]} 24. Qxf6+ $3 {[%emt 0:00:38][%mdl 512] Weighted Error Value: White=0.05 (flawless) /Black=0.73} 1-0

[Event "58th Akiba Rubinstein D 2022"]
[Site "Polanica-Zdroj"]
[Date "2022.08.13"]
[Round "1.2"]
[White "Zerebiec, Maurycy"]
[Black "Pieczulis, Hubert"]
[Result "1/2-1/2"]
[ECO "A13"]
[WhiteElo "1915"]
[BlackElo "1472"]
[Annotator "TA"]
[PlyCount "81"]
[EventDate "2022.08.13"]
[EventCountry "POL"]
[SourceTitle "playchess.com"]
[Source "ChessBase"]
[SourceQuality "1"]
[TimeControl "40/5400+30:1800+30"]

1. c4 e6 2. e4 c5 3. Nc3 Nc6 4. g3 Be7 5. Bg2 d6 6. Nge2 Nf6 7. O-O e5 {[%emt 0:01:47] A36: Symmetrical English vs ...g6: 4 Bg2 Bg7.} 8. h3 Be6 9. d3 (9. Nd5 {looks sharper.} a6 10. f4 b5 11. d3) 9... Qd7 10. Kh2 O-O-O (10... Qd8 $11 {is superior.}) 11. a3 h5 12. f4 g6 {[%emt 0:00:30] [#] Inhibits f5.} 13. Nd5 $146 ({Predecessor:} 13. Rb1 Nd4 14. fxe5 dxe5 15. Nd5 Bxd5 16. cxd5 Kb8 17. b4 h4 18. g4 cxb4 19. Nxd4 exd4 {0-1 (36) Alvarado Rodriguez,D (2105)-Ugalde Garcia,R (2165) San Jose 2004}) 13... Bxd5 $2 (13... exf4 $16 14. Bxf4 g5) 14. cxd5 $18 ({Much less strong is} 14. exd5 $6 Nd4 15. fxe5 dxe5 16. Nxd4 cxd4) 14... Nd4 15. fxe5 dxe5 16. Nxd4 (16. b4 $18) 16... cxd4 $16 17. Bd2 (17. Rf2 $1 $16) 17... Kb8 {[%emt 0:05:49] [#]} (17... Rdf8 $1 $14) 18. Bb4 (18. Rf2 $1 $16) 18... Bxb4 $14 19. Rxf6 Bf8 20. Qf3 $36 {[%emt 0:00:54][%mdl 2048] White is in control.} h4 21. g4 (21. gxh4 $16 Bh6 22. Rxf7) 21... Bh6 $11 22. Rxf7 Bf4+ $2 (22... Qb5 $11 {and Black stays safe.}) 23. Rxf4 $18 exf4 24. Qxf4+ Ka8 25. Rf1 (25. e5 $18 {and the rest is easy.}) 25... Qb5 {[%emt 0:00:22] [#]} 26. e5 $1 Qxd3 27. e6 {[%emt 0:02:02] Strongly threatening e7.} Rhe8 28. Qe5 Qe3 29. Qxe3 dxe3 $16 {[%emt 0:01:51][%mdl 4096] Endgame KRR-KRB} 30. Be4 Kb8 (30... g5 $142) 31. Kg2 {[%emt 0:01:29] White is more active.} (31. Bxg6 $16 Re7 32. Be4) 31... Kc7 $2 (31... e2 $1 $14 32. Re1 g5) 32. Rf7+ $2 (32. Bxg6 $18 e2 33. Rc1+ Kd6 34. Bxe8) 32... Kd6 $14 33. Kf3 ({Better is} 33. Bxg6 $14 Re7 34. Rf3 (34. Kf3 Rxf7+ 35. exf7 Kxd5 $15)) 33... Rf8 $11 {[%emt 0:01:28] aiming for ...Rxf7+.} 34. Rxf8 (34. Bxg6 $11 Rxf7+ 35. exf7) 34... Rxf8+ $19 35. Kxe3 $11 {[%emt 0:00:03] KR-KB} g5 {[%emt 0:00:24] Hoping for ...Rf1.} 36. Bg2 Rf4 37. Bf3 b6 38. Bg2 Rf6 39. Bf3 Rf4 40. Bg2 $1 Rf6 ({Black should play} 40... b5 $19 41. b4 Rc4) 41. Ke4 $2 {[%mdl 40960] Weighted Error Value: White=0.50/Black=0.70. An unexpected result.} (41. Bf3 $11) 1/2-1/2

[Event "58th Akiba Rubinstein D 2022"]
[Site "Polanica-Zdroj"]
[Date "2022.08.13"]
[Round "1.3"]
[White "Karalchuk, Aliaksei"]
[Black "Lewandrowski, Tomasz"]
[Result "1/2-1/2"]
[ECO "D00"]
[WhiteElo "1468"]
[BlackElo "1902"]
[Annotator "TA"]
[PlyCount "129"]
[EventDate "2022.08.13"]
[EventCountry "POL"]
[SourceTitle "playchess.com"]
[Source "ChessBase"]
[SourceQuality "1"]
[TimeControl "40/5400+30:1800+30"]

1. d4 d5 2. Bf4 Nf6 3. e3 c5 4. Nf3 e6 5. c3 Be7 6. Nbd2 O-O {[%emt 0:01:05] D02: 1 d4 d5 2 Nf3 sidelines, including 2...Nf6 3 g3 and 2...Nf6 3 Bf4.} 7. Bd3 b6 8. Ne5 Bb7 {[%emt 0:02:38] The position is equal.} 9. h4 Ne4 10. Qc2 {[%emt 0:08:10][%cal Rd2e4] [#]} f5 $146 (10... f6 $11 11. Nef3 (11. Nxe4 dxe4 12. Bxe4 Bxe4 $15) 11... f5) ({Predecessor:} 10... f6 11. Nef3 f5 12. g4 Nd7 13. gxf5 exf5 14. Ng5 Bxg5 15. hxg5 cxd4 16. exd4 g6 {1-0 (30) Pitschka,C (2176)-Fuchs,G (2195) Bayern 2020}) 11. Ndf3 $14 Nc6 12. O-O-O cxd4 13. exd4 Nb4 $1 14. Qb3 (14. cxb4 $2 Rc8 15. Rdf1 (15. Bxe4 $2 fxe4 16. g3 Rxc2+ 17. Kxc2 exf3 $19) 15... Rxc2+ 16. Kxc2 Bxb4 $19) ({Better is} 14. Qa4 $1 $14) 14... Nxd3+ $11 15. Nxd3 a5 {[%emt 0:06:13] aiming for ...a4.} 16. a3 Ba6 17. Nfe5 Rc8 18. f3 Nd6 19. Rd2 (19. h5 $14) 19... Nc4 $15 20. Rf2 Bxh4 (20... b5 $17 {Hoping for ...b4.} 21. Bg5 b4 22. Bxe7 Qxe7 23. axb4 Nxe5 24. Nxe5 axb4) 21. g3 $11 Bf6 22. Qc2 g5 23. Rfh2 Rc7 24. Nxc4 {[%emt 0:00:20] Pair of Knights!} gxf4 (24... Rxc4 $2 {[#]} 25. Rxh7 $1 gxf4 26. Nxf4 $18) 25. Nxf4 Bg5 $2 (25... Rxc4 26. Rxh7 Qc8 27. Qh2 Rxc3+ 28. Kb1 (28. bxc3 Qxc3+ 29. Kb1 Qb3+ 30. Qb2 Qxf3 $17) 28... Bd3+ 29. Nxd3 Rxd3 30. Qh5 Rd1+ 31. Rxd1 $18) (25... dxc4 $2 26. Nxe6 Qe7 27. Nxc7 Qxc7 28. Rxh7 $18 (28. Qxf5 Rf7 $16)) (25... Bxc4 $14 26. Nxe6 Qc8 27. Nxc7 Rf7) 26. Ne5 $18 (26. Nxb6 Bb5 $16) 26... Re8 27. Kb1 Bxf4 28. gxf4 {[%emt 0:00:06] [#] Intending Qg2+ and mate.} Ree7 29. Rh6 ({Weaker is} 29. Qf2 Rg7 30. Rh5 Kf8 $16) 29... Qe8 30. Qh2 Rg7 {[%emt 0:01:08] Prevents Rg6.} 31. Rg6 $2 Rxg6 $16 32. Nxg6 Rg7 ({Not} 32... Qxg6 33. Rg1 $16) (32... hxg6 $2 {gets mated.} 33. Qh8+ Kf7 34. Rh7#) 33. Ne5 b5 ({Black should try} 33... Qe7) 34. Nd3 Bc8 35. Nc5 Qg6 36. Qh4 {[%emt 0:00:43] White is more active.} Kh8 (36... Qe8 $16 {was worth a try.} 37. Qe1 Qc6) 37. Nd3 ({Only move:} 37. Qd8+ $18 Rg8 38. Qxa5) 37... Rg8 $2 (37... Qe8 $16 38. Nc5 Qe7) 38. Ne5 $18 Qg7 39. Qh5 {[%emt 0:00:16] White wants to mate with Nf7+.} Qc7 40. Ng6+ (40. Nf7+ $142 Kg7 41. Rg1+ Kf8 42. Qh6+ Rg7 43. Qxg7+ Ke8 44. Qg8+ Kd7 45. Ne5+ Qxe5 46. fxe5) 40... Rxg6 41. Qxg6 {[%emt 0:30:06][%mdl 4096] Endgame Threatening mate with Qe8+. KQR-KQB} Qe7 {[%emt 0:30:46] Against Qe8+} 42. Qg5 Qf8 43. Rh6 (43. Qh4 $142 Qg7 44. Qd8+ Qg8 45. Qc7) 43... Bd7 44. Qh4 Qf7 45. Qd8+ Kg7 46. Qg5+ Kh8 47. Qh5 Qxh5 48. Rxh5 {[%emt 0:00:06] KR-KB} a4 $2 (48... Kg7 {is a better chance.} 49. Kc2 a4) 49. Kc2 Be8 50. Rh2 Kg7 51. b3 Bd7 52. Rg2+ Kf7 53. Kd3 Bc6 54. c4 dxc4+ 55. bxc4 bxc4+ 56. Kxc4 Bxf3 57. Rf2 Bd5+ 58. Kb5 Bb3 59. Rg2 Kf6 60. Kc5 Bd5 61. Rg3 h6 62. Kd6 (62. Rh3 $18 Kg6 63. Kb5) 62... Bb3 (62... Kf7 $16 63. Ke5 Bc4) 63. Rg8 Bd5 64. Rg3 Bb3 $1 65. Rg1 {[%emt 0:00:24] Weighted Error Value: White=0.54/Black=0.50} 1/2-1/2

[Event "58th Akiba Rubinstein D 2022"]
[Site "Polanica-Zdroj"]
[Date "2022.08.13"]
[Round "1.4"]
[White "Owoc, Jakub"]
[Black "Durzynski, Jan"]
[Result "1-0"]
[ECO "D37"]
[WhiteElo "1756"]
[BlackElo "1406"]
[Annotator "NA RC COMBH"]
[PlyCount "111"]
[EventDate "2022.08.13"]
[EventCountry "POL"]
[SourceTitle "playchess.com"]
[Source "ChessBase"]
[SourceQuality "1"]
[TimeControl "40/5400+30:1800+30"]

1. Nf3 d5 2. d4 Nf6 3. c4 e6 4. Nc3 Be7 5. Bf4 O-O 6. e3 b6 7. cxd5 exd5 8. Bd3 Bb7 9. O-O Nbd7 10. Rc1 c5 11. Re1 Rc8 12. Qe2 c4 13. Bb1 Ne4 14. Nxe4 dxe4 15. Nd2 Bb4 16. Red1 Bxd2 17. Rxd2 Bd5 18. f3 f5 19. fxe4 fxe4 20. Qg4 Nf6 21. Qh4 Qe7 22. Rf2 b5 23. Be5 Rc6 24. Qg5 Qd7 25. Rcf1 h6 26. Qh4 Qe7 27. Rf5 b4 28. R5f2 c3 29. bxc3 bxc3 30. Rc1 Qa3 31. Rfc2 Nd7 32. Bxg7 Rf7 33. Bxh6 Bc4 34. Qxe4 Rxh6 35. Rxc3 Qb2 36. R3c2 Qb8 37. g3 Ba6 38. a4 Kh8 39. Ba2 Rfh7 40. Qg4 Qe8 41. Re1 Bd3 42. Rf2 Nf6 43. Qf4 Qxa4 44. Qb8+ Kg7 45. Bb3 Qd7 46. Rc1 Kg6 47. Qe5 Bf5 48. Rxf5 Qxf5 49. Bc2 Rh5 50. Bxf5+ Rxf5 51. Qb8 Kg5 52. e4 Nxe4 53. Qg8+ Kh6 54. Qg4 Nd6 55. Rc6 Rf6 56. Rxd6 1-0

[Event "58th Akiba Rubinstein D 2022"]
[Site "Polanica-Zdroj"]
[Date "2022.08.13"]
[Round "1.6"]
[White "Penza, Denis"]
[Black "Perucki, Maciej"]
[Result "1-0"]
[ECO "D55"]
[WhiteElo "1836"]
[BlackElo "1449"]
[Annotator "NA RC COMBH"]
[PlyCount "123"]
[EventDate "2022.08.13"]
[EventCountry "POL"]
[SourceTitle "playchess.com"]
[Source "ChessBase"]
[SourceQuality "1"]
[TimeControl "40/5400+30:1800+30"]

1. d4 d5 2. c4 e6 3. Nc3 Nf6 4. Bg5 Be7 5. e3 O-O 6. Nf3 c6 7. Qc2 h6 8. Bh4 Nbd7 9. a3 Re8 10. Rc1 a5 11. Be2 b6 12. O-O Bb7 13. Rfd1 Rc8 14. Qb3 g5 15. Bg3 Rf8 16. Ne5 Nxe5 17. Bxe5 Nd7 18. Bg3 f5 19. f3 Kh8 20. Bd3 f4 21. Bf2 fxe3 22. Bxe3 Bd6 23. Kh1 g4 24. fxg4 Qh4 25. Bg1 Nf6 26. Be2 Rg8 27. c5 Bc7 28. Rd3 Qg5 29. Qd1 Ba6 30. Rh3 Bxe2 31. Nxe2 Nxg4 32. Ng3 Rcf8 33. cxb6 Bb8 34. Rc2 Rf7 35. Qe2 Rgf8 36. Qe1 Bf4 37. Re2 e5 38. dxe5 Qg6 39. e6 Re7 40. Qc3+ Kg8 41. Qxc6 Qd3 42. Qc2 Qxc2 43. Rxc2 Rxe6 44. Rh4 Ne3 45. Rd2 Rxb6 46. Rxf4 Rxf4 47. Bxe3 Re6 48. Bg1 Re5 49. h3 Rc4 50. Bd4 Rg5 51. Kh2 Kf7 52. Bc3 a4 53. Ne2 Ke6 54. Nd4+ Kd7 55. Rf2 Rg6 56. Rf5 Rd6 57. Rf7+ Ke8 58. Ra7 Rd7 59. Ra6 Rh7 60. Nf5 Rf4 61. Nd6+ Kf8 62. Ra8+ 1-0

[Event "58th Akiba Rubinstein D 2022"]
[Site "Polanica-Zdroj"]
[Date "2022.08.13"]
[Round "1.7"]
[White "Stachowiak, Bruno"]
[Black "Sola, Wojciech"]
[Result "0-1"]
[ECO "B38"]
[WhiteElo "1462"]
[BlackElo "1780"]
[Annotator "NA RC COMBH"]
[PlyCount "141"]
[EventDate "2022.08.13"]
[EventCountry "POL"]
[SourceTitle "playchess.com"]
[Source "ChessBase"]
[SourceQuality "1"]
[TimeControl "40/5400+30:1800+30"]

1. e4 c5 2. c4 Nc6 3. Ne2 g6 4. d4 cxd4 5. Nxd4 Bg7 6. Be3 Nf6 7. Nc3 d6 8. Be2 O-O 9. Qd2 Nxd4 10. Bxd4 Be6 11. O-O Nd7 12. f4 Bxd4+ 13. Qxd4 Qb6 14. Qxb6 Nxb6 15. b3 f6 16. Nb5 Rfc8 17. Bf3 a6 18. Nd4 Bd7 19. f5 g5 20. h4 h6 21. Kf2 Kf7 22. hxg5 hxg5 23. Bh5+ Kg7 24. Rh1 Rh8 25. Bg6 Rxh1 26. Rxh1 Rh8 27. Rxh8 Kxh8 28. Bf7 Bc6 29. Nxc6 bxc6 30. Be8 c5 31. Kf3 Kg7 32. Kg4 a5 33. Kh5 Kf8 34. Bc6 Kf7 35. Bd5+ Kf8 36. Bc6 Kg7 37. Be8 Na8 38. Bc6 Nc7 39. Bd5 Na6 40. a3 Nb8 41. Kg4 Nd7 42. Kf3 Kh6 43. g4 Ne5+ 44. Kg3 Kg7 45. Be6 Kf8 46. Bc8 Ke8 47. Ba6 Kd7 48. Bb5+ Kc7 49. Kh3 Nf3 50. Kg3 Nd2 51. Ba4 Nxe4+ 52. Kf3 Nc3 53. Ke3 Nxa4 54. bxa4 Kd7 55. Kd3 e6 56. fxe6+ Kxe6 57. Ke4 Ke7 58. Ke3 Ke6 59. Ke4 f5+ 60. gxf5+ Kf6 61. Kd5 Kxf5 62. Kxd6 g4 63. Kxc5 g3 64. Kd6 g2 65. c5 g1=Q 66. c6 Qd4+ 67. Ke7 Qe5+ 68. Kd7 Qd5+ 69. Kc7 Ke6 70. Kb6 Kd6 71. c7 0-1

[Event "58th Akiba Rubinstein D 2022"]
[Site "Polanica-Zdroj"]
[Date "2022.08.13"]
[Round "1.8"]
[White "Szczepanski, Krzysztof"]
[Black "Bartosik, Dawid"]
[Result "0-1"]
[ECO "E92"]
[WhiteElo "1790"]
[BlackElo "1443"]
[Annotator "NA RC COMBH"]
[PlyCount "75"]
[EventDate "2022.08.13"]
[EventCountry "POL"]
[SourceTitle "playchess.com"]
[Source "ChessBase"]
[SourceQuality "1"]
[TimeControl "40/5400+30:1800+30"]

1. Nf3 Nf6 2. d4 g6 3. c4 Bg7 4. Nc3 O-O 5. e4 d6 6. Be2 e5 7. dxe5 dxe5 8. Qxd8 Rxd8 9. Bg5 Nc6 10. Nd5 Rd6 11. Bxf6 Bxf6 12. Nxc7 Rb8 13. Nd5 Bg7 14. O-O Bg4 15. Rac1 Bxf3 16. Bxf3 Nd4 17. Bd1 Kf8 18. g3 f5 19. exf5 gxf5 20. Kg2 Rc8 21. b3 Rxd5 22. Rb1 Rd6 23. h4 Ke7 24. Re1 Kf6 25. a4 Bh6 26. Rb2 Bf8 27. Ra2 Rb6 28. Rb2 Rxc4 29. a5 Rbb4 30. Be2 Rc5 31. a6 bxa6 32. Bxa6 Rc3 33. Bf1 Bc5 34. Be2 a5 35. Ra2 Nxb3 36. g4 fxg4 37. Bxg4 Rxg4+ 38. Kf1 0-1

[Event "58th Akiba Rubinstein D 2022"]
[Site "Polanica-Zdroj"]
[Date "2022.08.13"]
[Round "1.9"]
[White "Klama, Andrzej"]
[Black "Para, Tomasz"]
[Result "1/2-1/2"]
[ECO "C68"]
[WhiteElo "1441"]
[BlackElo "1796"]
[Annotator "NA RC COMBH"]
[PlyCount "80"]
[EventDate "2022.08.13"]
[EventCountry "POL"]
[SourceTitle "playchess.com"]
[Source "ChessBase"]
[SourceQuality "1"]
[TimeControl "40/5400+30:1800+30"]

1. e4 e5 2. Nf3 Nc6 3. Bb5 a6 4. Bxc6 dxc6 5. O-O Bd6 6. h3 Ne7 7. c3 O-O 8. d4 Ng6 9. dxe5 Nxe5 10. Nxe5 Bxe5 11. Qxd8 Rxd8 12. f4 Bf6 13. Nd2 c5 14. Nf3 b6 15. Be3 Bb7 16. e5 Be7 17. Kf2 Rd3 18. Rfd1 Rad8 19. Rxd3 Rxd3 20. Ke2 Rd8 21. g4 Be4 22. Nd2 Bg2 23. Kf2 Bb7 24. g5 Bc8 25. h4 h5 26. c4 Be6 27. Ke2 Bg4+ 28. Kf2 Kf8 29. a3 a5 30. Ne4 Be6 31. b3 Rd3 32. Rb1 Bg4 33. Ng3 g6 34. Ne2 Bf5 35. Rb2 Rd1 36. Ng1 Ra1 37. a4 Rb1 38. Rxb1 Bxb1 39. Nf3 Bc2 40. Nd2 Ke8 1/2-1/2

[Event "58th Akiba Rubinstein D 2022"]
[Site "Polanica-Zdroj"]
[Date "2022.08.13"]
[Round "1.10"]
[White "Liskiewicz, Jakub"]
[Black "Rychlik, Michal"]
[Result "1/2-1/2"]
[ECO "D14"]
[WhiteElo "1910"]
[BlackElo "1354"]
[Annotator "TA"]
[PlyCount "44"]
[EventDate "2022.08.13"]
[EventCountry "POL"]
[SourceTitle "playchess.com"]
[Source "ChessBase"]
[SourceQuality "1"]
[TimeControl "40/5400+30:1800+30"]

1. d4 d5 2. c4 c6 3. Nc3 Nf6 4. cxd5 cxd5 5. Bf4 Nc6 6. Nf3 Bf5 7. Qb3 Na5 8. Qa4+ Bd7 9. Qc2 Rc8 {[%emt 0:08:44][%cal Of6e4] D14: Slav Defence: Exchange variation with ...Bf5.} 10. e3 e6 11. Bd3 Be7 {[%emt 0:01:05] The position is equal. 11...Bb4 gains popularity.} 12. O-O O-O 13. Ne5 a6 14. Qe2 b5 {[%emt 0:06:55][%cal Bb7b5,Bb5b4][%mdl 32] [#]} 15. Qf3 $146 ({Predecessor:} 15. Rfc1 Be8 16. Rc2 Nd7 17. Nf3 Nb6 18. Rac1 Nc6 19. a3 f6 {½-½ (19) Areshchenko,A (2678)-Kuzubov,Y (2651) Rivne 2016}) 15... Nc4 16. Nxc4 (16. Qe2 $11 {keeps the balance.}) 16... dxc4 $17 17. Bc2 Bc6 18. Qh3 b4 19. Ne2 Be4 20. Rfc1 Qa5 21. Bxe4 Nxe4 22. Qf3 {[%emt 0:00:28] [#]} c3 $1 {[%emt 0:03:47] Weighted Error Value: White=0.18 (very precise) /Black=0.05 (flawless)} 1/2-1/2

[Event "58th Akiba Rubinstein D 2022"]
[Site "Polanica-Zdroj"]
[Date "2022.08.13"]
[Round "1.11"]
[White "Jankowski, Franciszek"]
[Black "Huchwajda, Katarzyna"]
[Result "1-0"]
[ECO "D37"]
[WhiteElo "1483"]
[BlackElo "1768"]
[Annotator "NA RC COMBH"]
[PlyCount "67"]
[EventDate "2022.08.13"]
[EventCountry "POL"]
[SourceTitle "playchess.com"]
[Source "ChessBase"]
[SourceQuality "1"]
[TimeControl "40/5400+30:1800+30"]

1. d4 d5 2. c4 e6 3. Nc3 Nf6 4. Nf3 Be7 5. Bf4 c6 6. e3 O-O 7. c5 Nbd7 8. Bd3 a5 9. a3 Re8 10. h3 b6 11. b4 b5 12. Bxb5 cxb5 13. Nxb5 Ba6 14. Nc7 e5 15. dxe5 Qxc7 16. exf6 Qb7 17. fxe7 axb4 18. Bd6 Bc4 19. Nd2 b3 20. Nxc4 dxc4 21. Qd4 b2 22. Rb1 Nf6 23. O-O Qc6 24. Rxb2 Rxa3 25. Qxc4 Ne4 26. Qb5 Qa8 27. Rfb1 Ra1 28. Rxa1 Qxa1+ 29. Rb1 Qa8 30. Qxe8+ Qxe8 31. Rb8 Nf6 32. Rxe8+ Nxe8 33. c6 f5 34. c7 1-0

[Event "58th Akiba Rubinstein D 2022"]
[Site "Polanica-Zdroj"]
[Date "2022.08.13"]
[Round "1.12"]
[White "Kryzia, Wiktor"]
[Black "Kuska, Bartosz"]
[Result "1-0"]
[ECO "C11"]
[WhiteElo "1764"]
[BlackElo "1432"]
[Annotator "NA RC COMBH"]
[PlyCount "57"]
[EventDate "2022.08.13"]
[EventCountry "POL"]
[SourceTitle "playchess.com"]
[Source "ChessBase"]
[SourceQuality "1"]
[TimeControl "40/5400+30:1800+30"]

1. e4 e6 2. d4 d5 3. Nc3 Nf6 4. Bg5 dxe4 5. Nxe4 Be7 6. Bxf6 Bxf6 7. Nxf6+ Qxf6 8. Nf3 O-O 9. Bd3 Nc6 10. c3 e5 11. d5 e4 12. Bxe4 Re8 13. Qe2 Qf4 14. Nd2 Bf5 15. f3 Ne7 16. g3 Qg5 17. c4 Bh3 18. f4 Qh6 19. O-O-O f5 20. Bf3 Nc6 21. Qd3 Nb4 22. Qb3 Na6 23. Qb5 Rab8 24. Rhe1 Red8 25. Re6 g6 26. d6 cxd6 27. Qd5 Kh8 28. Re7 Qf8 29. Qd4+ 1-0

[Event "58th Akiba Rubinstein D 2022"]
[Site "Polanica-Zdroj"]
[Date "2022.08.13"]
[Round "1.13"]
[White "Pietryk, Joanna"]
[Black "Markiewicz, Czeslaw"]
[Result "1/2-1/2"]
[ECO "C96"]
[WhiteElo "1417"]
[BlackElo "1750"]
[Annotator "NA RC COMBH"]
[PlyCount "93"]
[EventDate "2022.08.13"]
[EventCountry "POL"]
[SourceTitle "playchess.com"]
[Source "ChessBase"]
[SourceQuality "1"]
[TimeControl "40/5400+30:1800+30"]

1. e4 e5 2. Nf3 Nc6 3. Bb5 a6 4. Ba4 Nf6 5. O-O Be7 6. Re1 b5 7. Bb3 d6 8. c3 O-O 9. h3 Na5 10. Bc2 c5 11. d3 Qc7 12. Nbd2 Bd7 13. Nf1 Rac8 14. Bg5 h6 15. Bh4 c4 16. d4 Nc6 17. Ne3 exd4 18. Nxd4 Nxd4 19. cxd4 Rfe8 20. e5 dxe5 21. dxe5 Qxe5 22. Bxf6 Bxf6 23. Qxd7 Rcd8 24. Qc6 Re6 25. Ng4 Qxb2 26. Nxf6+ Qxf6 27. Qc7 Red6 28. Rad1 Rxd1 29. Rxd1 Rxd1+ 30. Bxd1 g6 31. g3 Qa1 32. Qd8+ Kg7 33. Qd2 a5 34. Kg2 b4 35. Ba4 Qe5 36. Qc2 Qd5+ 37. Kh2 h5 38. Qb2+ c3 39. Qb3 Qd4 40. Kg1 Qe4 41. Qd1 h4 42. Qg4 Qb1+ 43. Kg2 c2 44. Qd4+ Kg8 45. Qd8+ Kg7 46. Qd4+ Kg8 47. Qd8+ 1/2-1/2

[Event "58th Akiba Rubinstein D 2022"]
[Site "Polanica-Zdroj"]
[Date "2022.08.13"]
[Round "1.14"]
[White "Straszewski, Tomasz"]
[Black "Gawlik, Olivier"]
[Result "1-0"]
[ECO "A05"]
[WhiteElo "1716"]
[BlackElo "1384"]
[Annotator "NA RC COMBH"]
[PlyCount "69"]
[EventDate "2022.08.13"]
[EventCountry "POL"]
[SourceTitle "playchess.com"]
[Source "ChessBase"]
[SourceQuality "1"]
[TimeControl "40/5400+30:1800+30"]

1. Nf3 Nf6 2. g3 g6 3. Bg2 Bg7 4. O-O O-O 5. c4 c5 6. Nc3 Nc6 7. a3 d6 8. Rb1 Rb8 9. b4 b6 10. b5 Na5 11. d3 Bb7 12. e4 e6 13. Bf4 Ra8 14. Qe2 e5 15. Bg5 Qd7 16. Bd2 Bc8 17. Ne1 Qe7 18. Nc2 Bg4 19. f3 Be6 20. f4 exf4 21. gxf4 Rac8 22. f5 Bd7 23. Ne3 Rfe8 24. Ned5 Nxd5 25. Nxd5 Qd8 26. f6 Bf8 27. Qf2 Be6 28. Ne3 Qd7 29. Qh4 Red8 30. Rf3 Qe8 31. Nf5 Bxf5 32. exf5 Qe5 33. Kh1 Rc7 34. Rh3 h5 35. fxg6 1-0

[Event "58th Akiba Rubinstein D 2022"]
[Site "Polanica-Zdroj"]
[Date "2022.08.13"]
[Round "1.15"]
[White "Paziewski, Marcin"]
[Black "Ugorek, Kacper"]
[Result "1/2-1/2"]
[ECO "E92"]
[WhiteElo "1413"]
[BlackElo "1747"]
[Annotator "NA RC COMBH"]
[PlyCount "55"]
[EventDate "2022.08.13"]
[EventCountry "POL"]
[SourceTitle "playchess.com"]
[Source "ChessBase"]
[SourceQuality "1"]
[TimeControl "40/5400+30:1800+30"]

1. d4 Nf6 2. c4 g6 3. Nc3 Bg7 4. e4 d6 5. Be2 O-O 6. Nf3 e5 7. Be3 Nc6 8. h3 exd4 9. Nxd4 Nxd4 10. Bxd4 Re8 11. f3 Nh5 12. Qd2 Bxd4 13. Qxd4 Nf4 14. Nd5 Nxd5 15. cxd5 Qg5 16. Kf2 Bd7 17. Rac1 c5 18. dxc6 Bxc6 19. Qxd6 Rad8 20. Qb4 Qd2 21. Qxd2 Rxd2 22. Rb1 Bb5 23. Rhe1 f5 24. Ke3 Rxe2+ 25. Rxe2 Bxe2 26. Kxe2 fxe4 27. fxe4 Rxe4+ 28. Kd3 1/2-1/2

[Event "58th Akiba Rubinstein D 2022"]
[Site "Polanica-Zdroj"]
[Date "2022.08.13"]
[Round "1.16"]
[White "Pieczulis, Blazej"]
[Black "Grudzinski, Krzysztof"]
[Result "1-0"]
[ECO "E16"]
[WhiteElo "1720"]
[BlackElo "1520"]
[Annotator "NA RC COMBH"]
[PlyCount "85"]
[EventDate "2022.08.13"]
[EventCountry "POL"]
[SourceTitle "playchess.com"]
[Source "ChessBase"]
[SourceQuality "1"]
[TimeControl "40/5400+30:1800+30"]

1. d4 Nf6 2. c4 e6 3. Nf3 Bb4+ 4. Bd2 Qe7 5. Qc2 Bxd2+ 6. Nbxd2 d6 7. e4 e5 8. d5 a5 9. Bd3 O-O 10. O-O Na6 11. a3 Bd7 12. Qc3 a4 13. Rae1 Nc5 14. Bc2 Nh5 15. Re3 g6 16. Ne1 f5 17. exf5 gxf5 18. f4 e4 19. g4 fxg4 20. Nxe4 Nxe4 21. Rxe4 Qg7 22. Qxg7+ Nxg7 23. Re7 Rad8 24. f5 Nxf5 25. Rxd7 Rxd7 26. Bxf5 Re7 27. Be6+ Kg7 28. Rxf8 Kxf8 29. Kg2 Rg7 30. Kg3 Ke7 31. Nd3 Kf6 32. Kh4 c6 33. Kg3 cxd5 34. Bxd5 Kg5 35. Nf2 Kf5 36. Ne4 Ke5 37. Nc3 Kd4 38. Nxa4 b5 39. Nc3 bxc4 40. a4 Kc5 41. Bg2 Kb4 42. Bd5 Kb3 43. Nb5 1-0

[Event "58th Akiba Rubinstein D 2022"]
[Site "Polanica-Zdroj"]
[Date "2022.08.13"]
[Round "1.17"]
[White "Soszka, Szymon"]
[Black "Bem, Tymoteusz"]
[Result "0-1"]
[ECO "D10"]
[WhiteElo "1355"]
[BlackElo "1679"]
[Annotator "NA RC COMBH"]
[PlyCount "48"]
[EventDate "2022.08.13"]
[EventCountry "POL"]
[SourceTitle "playchess.com"]
[Source "ChessBase"]
[SourceQuality "1"]
[TimeControl "40/5400+30:1800+30"]

1. d4 d5 2. c4 c6 3. Nc3 Nf6 4. e3 Bf5 5. cxd5 cxd5 6. Bd3 Bxd3 7. Qxd3 Nc6 8. Nf3 e6 9. Ne5 Bd6 10. f4 O-O 11. O-O Ne7 12. h3 Nf5 13. Rf3 Be7 14. g4 Nd6 15. Bd2 Nfe4 16. Qe2 Rc8 17. Raf1 b5 18. Nd3 b4 19. Nb1 a5 20. Be1 Qb6 21. Nf2 Rc1 22. Qd3 Rfc8 23. Nd2 Bh4 24. Qb3 Rxe1 0-1

[Event "58th Akiba Rubinstein D 2022"]
[Site "Polanica-Zdroj"]
[Date "2022.08.13"]
[Round "1.18"]
[White "Ursnik, Patryk"]
[Black "Szalbierz, Piotr"]
[Result "1/2-1/2"]
[ECO "C00"]
[WhiteElo "1671"]
[BlackElo "1407"]
[Annotator "NA RC COMBH"]
[PlyCount "61"]
[EventDate "2022.08.13"]
[EventCountry "POL"]
[SourceTitle "playchess.com"]
[Source "ChessBase"]
[SourceQuality "1"]
[TimeControl "40/5400+30:1800+30"]

1. e4 e6 2. e5 d5 3. exd6 Bxd6 4. d4 Nf6 5. Nf3 O-O 6. Bc4 Nbd7 7. O-O a6 8. a4 b6 9. Bg5 Bb7 10. Re1 c5 11. c3 Qc7 12. Nbd2 cxd4 13. cxd4 Bd5 14. Rc1 Qb7 15. Qb3 Rac8 16. Qd3 Bxc4 17. Nxc4 Bb4 18. Bd2 Bxd2 19. Qxd2 Qb8 20. Nce5 Qb7 21. Qf4 Nd5 22. Qd2 Rfd8 23. Nxd7 Qxd7 24. Ne5 Qb7 25. h3 Rxc1 26. Rxc1 Rc8 27. Nd3 Rxc1+ 28. Qxc1 Qc7 29. Qxc7 Nxc7 30. Kf1 a5 31. b4 1/2-1/2